AoeStats
← ()

Arabia

504554787Analyzed
1v1 RM · 26d ago on Sep 5, 2026· 26m 1s· 2 players
Game mode
Random Map
Map size
Tiny (2 player)
Population
200
Speed
Normal
Resources
Standard
Victory
Conquest
Starting age
Dark Age
Ending age
Imperial Age
RankedLock teamsTeams togetherTeam positionsShared explorationLock speedFull tech treeHidden civsTurbo modeCheats
Victory
Defeat
🇩🇪 Ethiopians · Germany
759
+14
🇺🇸 Vietnamese · United States
726
-34
()
2:49 Loom
15:09 Feudal Age
16:31 Wheelbarrow
15:47 Town Watch
16:32 Double-Bit Axe
16:46 Stone Mining
22:52 Horse Collar
23:16 Gold Mining
lukyvan0211
6:47 Loom
9:15 Feudal Age
10:02 Double-Bit Axe
13:09 Gold Mining
14:06 Horse Collar
14:27 Fletching
16:09 Padded Archer Armor
21:26 Castle Age
20:07 Stone Mining
21:30 Crossbowman
22:26 Elite Skirmisher
23:17 Bodkin Arrow
23:38 Leather Archer Armor
23:46 Thumb Ring
Connection lost

Rejoining the realm…

Still unreachable

The connection could not be restored.

Session expired

The server has moved on; the page needs a fresh start.